 Dungeon Crawl Stone Soup version 0.29-a0-284-gf9362112df (webtiles) character file.

Game seed: 16476779341450421169

164 being54 the Chopper (level 5, -6/48 HPs)
             Began as a Hill Orc Monk on Mar 23, 2022.
             Killed from afar by an orc wizard (10 damage)
             ... with a puff of flame
             ... on level 3 of the Dungeon.
             The game lasted 00:04:11 (2792 turns).

being54 the Chopper (Hill Orc Monk)                 Turns: 2792, Time: 00:04:12

Health: -6/48      AC:  6    Str: 16    XL:     5   Next: 45%
Magic:  5/5        EV: 10    Int: 10    God:
Gold:   114        SH:  0    Dex: 13    Spells: 4/4 levels left

rFire   . . .      SeeInvis .   a - +0 hand axe
rCold   + . .      Faith    .   (no shield)
rNeg    . . .      Spirit   .   g - +0 scale mail
rPois   .          Reflect  .   (no helmet)
rElec   .          Harm     .   (no cloak)
rCorr   .          Rampage  .   (no gloves)
Will    .....                   (no boots)
Stlth   ..........              (no amulet)
HPRegen 0.16/turn               h - ring of protection from cold
MPRegen 0.09/turn               (no ring)

@: no status effects
A: no striking features
a: no special abilities


You were on level 3 of the Dungeon.
You visited 1 branch of the dungeon, and saw 3 of its levels.

You collected 114 gold pieces.

Inventory:

Hand Weapons
 a - a +0 hand axe (weapon)
Armour
 g - a +0 scale mail (worn)
Jewellery
 h - a ring of protection from cold (left hand)
Potions
 c - a potion of ambrosia
 d - a potion of cancellation
 e - a potion of berserk rage {unknown}
 f - a potion of curing {unknown}


   Skills:
 - Level 5.0 Fighting
 * Level 6.6 Axes
 - Level 2.5 Dodging
 - Level 1.8 Stealth


You had 4 spell levels left.
You didn't know any spells.
Your spell library contained the following spells:

 Spells                   Type           Power      Damage    Failure   Level
 Inner Flame              Hex/Fire       0%         N/A       99%         3
 Cause Fear               Hex            0%         N/A       100%        4
 Summon Forest            Summ/Tloc      0%         N/A       100%        5
 Eringya's Noxious Bog    Tmut/Pois      0%         N/A       100%        6
 Summon Hydra             Summ           0%         N/A       100%        7
 Discord                  Hex            0%         N/A       100%        8


Dungeon Overview and Level Annotations

Branches:
Dungeon (3/15)

Altars:
Vehumet
The Shining One


Message History

The orc wizard barely misses you.
You slash the orc wizard!
The orc wizard is heavily wounded.
You completely miss something. The orc wizard barely misses you.
Something hits you but does no damage.
You hit the orc wizard.
The orc wizard is almost dead.
You miss something.
The orc wizard hits you but does no damage.
Something hits you.
You miss the orc wizard.
The orc wizard is severely wounded.
You miss something.
The orc wizard hits you with a +0 dagger.
Something hits you.
You barely miss the orc wizard.
The orc wizard is severely wounded.
You closely miss something. The orc wizard completely misses you.
You hear some strange, mumbled words.
A puff of flame appears from out of thin air!
The puff of flame hits you!
* * * LOW HITPOINT WARNING * * *
You closely miss the orc wizard.
The orc wizard is severely wounded.
You hit something but do no damage.
The orc wizard hits you but does no damage.
You hear some strange, mumbled words.
A puff of flame appears from out of thin air!
The puff of flame hits you.
* * * LOW HITPOINT WARNING * * *
Drinking this now will have no effect.
Unknown command.
You hit something but do no damage.
You hit the orc wizard but do no damage.
The orc wizard hits you with a +0 dagger.
* * * LOW HITPOINT WARNING * * *
You hear some strange, mumbled words.
A puff of flame appears from out of thin air!
The puff of flame hits you!
You die...

...#.# .. ... .
..... ...... ..
..#.#..#..# ..
.........# .
..#.#._.#)#..# ..
.............#
...
..#..#{#).#..#...
......o@.........
....#.#)#...####
...........## #.#
.........##
#.##.##
....#####.#
#.##..#+ ... #.#
#.##...[ ..
#.#######.##....
#.......#.##....
#######.#.##...>


You could see an orc wizard.

Vanquished Creatures
  An orc wizard (D:3)
  A hound skeleton (D:2)
  3 gnolls (D:2)
  3 adders (D:3)
  An adder zombie (D:2)
  An adder skeleton (D:2)
  2 worms (D:2)
  2 dart slugs (D:1)
  2 orcs (D:3)
  3 ball pythons
  5 endoplasms
  2 giant cockroaches
  4 goblins
  8 hobgoblins
  A quokka (D:2)
  A ball python skeleton (D:2)
  3 bats
  A giant cockroach zombie (D:2)
  6 kobolds
  A quokka zombie (D:2)
  4 rats
55 creatures vanquished.

Vanquished Creatures (others)
  3 withered plants (D:2)
3 creatures vanquished.

Grand Total: 58 creatures vanquished

Notes
Turn   | Place    | Note
-------+----------+-------------------------------------------
     0 | D:1      | being54 the Hill Orc Monk began the quest for the Orb.
     0 | D:1      | Reached XP level 1. HP: 19/19 MP: 1/1
    27 | D:1      | Reached XP level 2. HP: 15/27 MP: 2/2
   480 | D:1      | Found a faded altar of an unknown god.
  1048 | D:2      | Reached XP level 3. HP: 27/33 MP: 3/3
  1172 | D:2      | Reached skill level 5 in Axes
  1353 | D:2      | Reached XP level 4. HP: 21/39 MP: 4/4
  2566 | D:3      | Reached skill level 6 in Axes
  2568 | D:3      | Reached XP level 5. HP: 36/47 MP: 5/5
  2667 | D:3      | Found a glowing golden altar of the Shining One.
  2763 | D:3      | Found a radiant altar of Vehumet.
  2784 | D:3      | Reached skill level 5 in Fighting
  2792 | D:3      | Killed from afar by an orc wizard

Illustrated notes

Levels and vault maps discovered:
D:1:      evilmike_arrival_plus, layout_loops_ring, basic_ecumenical_altar
D:2:      minmay_inner_zag, layout_loops_ring, serial_undead, serial_undead_b,
          serial_undead_d, serial_undead_f, serial_undead_f, grunt_decor_clamped
D:3:      layout_basic, lemuel_round_altar, fedhas_altar_1, tso_metal_star,
          nicolae_vehumet_radiance

Skill      XL: |  1  2  3  4  5 |
---------------+----------------+-----
Fighting       | 4 5 |  5.0
Axes           | 5 6 |  6.6
Dodging        | |  2.5
Stealth        | |  1.8

Action                   |  1- 3 |  4- 6 || total
-------------------------+-------+-------++-------
Melee: Hand axe          |    94 |   105 ||   199
       Punch             |     1 |       ||     1
  Use: Scroll            |     4 |     3 ||     7
 Stab: Sleeping          |     2 |       ||     2
       Distracted        |       |     1 ||     1
Armor: Robe              |    22 |       ||    22
       Scale mail        |     6 |    42 ||    48
Dodge: Dodged            |    51 |    57 ||   108

Table legend: (Time is in decaauts)
 A = Elapsed time spent in this place.
 B = Non-inter-level travel time spent in this place.
 C = Inter-level travel time spent in this place.
 D = Time resting spent in this place.
 E = Time spent auto-exploring this place.
 F = Levels seen in this place.
 G = Mean time per level.
                   A        B        C        D        E       F      G
               +--------+--------+--------+--------+--------+-----+--------+
         Total |   2797 |   2727 |     70 |    252 |   2086 |   3 |  932.3 |
       Dungeon |   2797 |   2727 |     70 |    252 |   2086 |   3 |  932.3 |
               +--------+--------+--------+--------+--------+-----+--------+

Top non-repeatable levels by time:
     D:2: 1524 daAuts
     D:1: 1032 daAuts
     D:3: 241 daAuts
